 Dungeon Crawl Stone Soup version 0.21.0-24-g2553a33 (webtiles) character file.

2131 Firecrotchwizard the Grappler (level 9, -1/87 HPs)
             Began as a Troll Monk on Jan 21, 2018.
             Was a Priest of Okawaru.
             Slain by Erica
             ... wielding a +2 scimitar of flaming
              (11 damage)
             ... on level 8 of the Dungeon.
             The game lasted 00:12:56 (5277 turns).

Firecrotchwizard the Grappler (Troll Monk)          Turns: 5277, Time: 00:12:57

Health: -1/87      AC:  2    Str: 21    XL:     9   Next: 9%
Magic:  0/8        EV: 15    Int:  6    God:    Okawaru [***...]
Gold:   295        SH:  0    Dex: 15    Spells: 8/8 levels left

rFire    . . .     SeeInvis .     - Unarmed
rCold    . . .     Gourm    +   (no shield)
rNeg     . . .     Faith    .   a - +0 robe
rPois    +         Spirit   +   (helmet restricted)
rElec    .         Reflect  .   z - +2 cloak {rPois}
rCorr    .         Harm     .   (gloves unavailable)
MR       .....                  (boots unavailable)
Stlth    ++........             x - amulet of guardian spirit {Spirit}
HPRegen  0.64/turn              h - +2 ring of protection
MPRegen  0.11/turn              l - +3 ring of evasion

@: corroded, slowed, very slow
A: large, unfitting armour, claws 3, fast metabolism 3, gourmand, regeneration
1, shaggy fur 1, tough skin 2
a: Heroism, Renounce Religion


You were on level 8 of the Dungeon.
You worshipped Okawaru.
Okawaru was most pleased with you.
You were full.

You visited 2 branches of the dungeon, and saw 9 of its levels.

You collected 380 gold pieces.
You spent 85 gold pieces at shops.

Inventory:

Armour
 a - a +0 robe (worn)
 z - a +2 cloak of poison resistance (worn)
   (You bought it in a shop on level 5 of the Dungeon)
Jewellery
 g - an uncursed ring of protection from fire {rF+, !d}
   (You found it on level 6 of the Dungeon)
 h - a +2 ring of protection (left claw)
   (You found it on level 6 of the Dungeon)
 j - an uncursed ring of see invisible {sInv, !d}
   (You found it on level 2 of the Dungeon)
 l - a +3 ring of evasion (right claw)
   (You found it on level 2 of the Dungeon)
 w - an uncursed ring of ice {rC+, rF-}
   (You took it off a goblin on level 4 of the Dungeon)
 x - an amulet of guardian spirit (around neck) {Spirit}
   (You found it on level 4 of the Dungeon)
Wands
 q - a wand of polymorph (9)
   (You took it off Ijyb on level 3 of the Dungeon)
 r - a wand of digging (12)
   (You found it on level 6 of the Dungeon)
Scrolls
 c - 3 scrolls of remove curse
 e - 2 scrolls of identify
 o - 2 scrolls of immolation {!r}
 t - a scroll of teleportation
 v - a scroll of enchant armour
 y - a scroll of amnesia
 A - a scroll of fog
Potions
 d - a potion of invisibility {unknown}
 f - 3 potions of lignification {unknown}
 i - a potion of flight {unknown}
 k - a potion of mutation {unknown}
 m - 2 potions of brilliance {unknown}
 n - 3 potions of heal wounds {unknown}
 p - a potion of might {unknown}
 s - 3 potions of ambrosia {unknown}
 u - 2 potions of degeneration {unknown}
Comestibles
 b - 14 rations {@e1}


   Skills:
 + Level 4.9 Fighting
 + Level 4.9 Dodging
 - Level 1.0 Stealth
 - Level 10.0 Unarmed Combat


You had 8 spell levels left.
You didn't know any spells.

Dungeon Overview and Level Annotations

Branches:
Dungeon (8/15)             Temple (1/1) D:6
   Lair: D:8-11

Altars:
Cheibriados
Dithmenos
Elyvilon
Fedhas
Gozag
Hepliaklqana
Makhleb
Nemelex Xobeh
Okawaru
Qazlal
Ru
Trog
Uskayaw
Xom
Yredelemnul
Zin

Shops:
D:4 !   D:5 [   D:6 *

Annotations:
D:8 Erica


Innate Abilities, Weirdness & Mutations

You are too large for most types of armour.
You have claws for hands.
Your metabolism is lightning-fast.
You like to eat raw meat.
Your natural rate of healing is unusually fast.
You are covered in fur. (AC +1)
You have very tough skin. (AC +2)


Message History

Reactivating autopickup.
You feel a bit more experienced.
Health restored: 87 You see here a sky beast corpse.
You hear the faint creaking of a very distant portcullis.
You see here 13 poisoned needles.
A jelly comes into view.
A jelly is nearby!
The jelly quivers.
The jelly moves out of view.
No target in view!
No target in view!
You may need something to eat soon, looking for food.
Can't find anything matching that.
Okay, then.
The jelly is too close now for your liking.
You barely miss the jelly. You claw the jelly!
You kill the jelly!
Okawaru accepts your kill.
No target in view!
You hear the faint creaking of a very distant portcullis.
Found a stone staircase leading up.
There is a stone staircase leading up here.
You hear the faint creaking of a very distant portcullis.
A shadow imp comes into view.
The shadow imp shouts, "Capitulate, thou puking nose-picking guttersnipe!"
You scratch the shadow imp. The shadow imp barely misses you.
You scratch the shadow imp but do no damage.
You claw the shadow imp!
You kill the shadow imp!
Okawaru accepts your kill.
No target in view!
You may need something to eat soon, looking for food.
Can't find anything matching that.
Okay, then.
y - a scroll of amnesia
Found an escape hatch in the floor.
Found a stone staircase leading up.
An eye of draining and Erica come into view.
Erica is wielding a scimitar of flaming.
Erica shouts!
The eye of draining turns its gaze towards you.
The eye of draining gazes at you.
You feel your power leaking away.
You now have 6/8 mp.
You gain the combat prowess of a mighty hero.
Erica zaps a wand.
The bolt of acid hits you! The acid corrodes you!
You are splashed with acid!
The acid burns!
It is a wand of acid (11).
An adder skeleton comes into view.
You take 24 damage, and have 63/87 hp.
MASSIVE DAMAGE!!
You now have 3/8 mp.
You closely miss Erica. Erica gestures at you while chanting.
You are confused.
The eye of draining gazes at you.
You feel your power leaking away.
You now have 0/8 mp.
Erica closely misses you.
You miss Erica. Erica misses you.
You claw Erica! You closely miss Erica. Erica completely misses you.
You're too confused to move!
You feel less confused.
Erica zaps a wand.
The bolt of acid hits you! The acid corrodes you!
You are splashed with acid!
The acid burns!
* * * LOW HITPOINT WARNING * * *
The adder skeleton misses you.
You take 40 damage, and have 26/87 hp.
MASSIVE DAMAGE!!
You closely miss Erica. You mangle Erica!! You claw Erica, but do no damage.
The adder skeleton closely misses you. Erica completely misses you.
You scratch Erica but do no damage. The adder skeleton closely misses you.
Erica misses you.
You closely miss Erica. The adder skeleton bites you.
The eye of draining gazes at you.
You feel your power leaking away.
You take 1 damage, and have 27/87 hp.
You now have 0/8 mp.
Unknown command.
You scratch Erica.
You feel like a meek peon again. Erica hits you but does no damage.
The adder skeleton barely misses you.
You scratch Erica but do no damage. The adder skeleton misses you.
You claw Erica!
Erica points at you and mumbles some strange words.
You feel yourself slow down.
You claw Erica! Your claw misses Erica. The adder skeleton bites you.
Erica hits you with a scimitar of flaming!
* * * LOW HITPOINT WARNING * * *
Erica burns you.
* * * LOW HITPOINT WARNING * * *
The adder skeleton closely misses you.
You take 20 damage, and have 9/87 hp.
MASSIVE DAMAGE!!
You closely miss Erica.
Erica hits you with a scimitar of flaming!
You die...

........#
#.......
##......####
###.<.........
##.............
##..............
.......ZG.>.....
#@@.......
#..######. #####
##..#
#...#####...#
###........##
###......#
##.....##
###....###
##.....###


You could see Erica, an eye of draining and an adder skeleton.

Vanquished Creatures
  The ghost of Kalaber the Cleaver, a novice MiBe of Trog (D:7)
  A hippogriff (D:7)
  2 sky beasts
  3 ogres
  A centaur (D:6)
  4 bullfrogs
  A scorpion (D:5)
  2 crimson imps (D:5)
  An orc priest (D:6)
  3 jellies
  2 orc wizards (D:7)
  An iguana (D:5)
  Ijyb (D:3)
  A worker ant (D:4)
  2 killer bee zombies
  A worker ant zombie (D:5)
  Robin (D:3)
  3 gnolls (D:3)
  5 adders
  2 shadow imps
  3 oozes
  2 worms
  3 dart slugs (D:4)
  3 leopard geckos
  15 orcs
  5 bats
  7 giant cockroaches
  20 goblins
  9 hobgoblins
  5 jackals
  4 kobolds
  3 quokkas
  2 ball pythons (D:2)
  3 frilled lizards
  2 jackal skeletons
  6 rats
130 creatures vanquished.

Notes
Turn   | Place    | Note
-------+----------+-------------------------------------------
     0 | D:1      | Firecrotchwizard the Troll Monk began the quest for the Orb.
     0 | D:1      | Reached XP level 1. HP: 22/22 MP: 0/0
   161 | D:1      | Reached XP level 2. HP: 21/29 MP: 1/1
   344 | D:1      | Reached skill level 4 in Unarmed Combat
   726 | D:2      | Reached XP level 3. HP: 36/36 MP: 2/2
  1298 | D:3      | Reached XP level 4. HP: 44/44 MP: 3/3
  1366 | D:3      | Reached skill level 5 in Unarmed Combat
  1470 | D:3      | Noticed Ijyb
  1489 | D:3      | Killed Ijyb
  1853 | D:3      | Reached XP level 5. HP: 50/50 MP: 4/4
  1892 | D:3      | Noticed Robin
  1906 | D:3      | Killed Robin
  1906 | D:3      | Reached skill level 6 in Unarmed Combat
  2257 | D:4      | Noticed an ogre
  2260 | D:4      | Killed an ogre
  2260 | D:4      | Reached XP level 6. HP: 50/59 MP: 5/5
  2333 | D:4      | Found Derik's Distillery.
  2401 | D:4      | Reached skill level 7 in Unarmed Combat
  2470 | D:4      | Found a snail-covered altar of Cheibriados.
  2797 | D:5      | Entered Level 5 of the Dungeon
  2832 | D:5      | Found Tuqev's Armour Boutique.
  2840 | D:5      | Bought a +0 cloak of poison resistance for 85 gold pieces
  2901 | D:5      | Reached skill level 8 in Unarmed Combat
  2972 | D:5      | Noticed a sky beast
  2986 | D:5      | Killed a sky beast
  2986 | D:5      | Reached XP level 7. HP: 52/66 MP: 3/6
  3377 | D:6      | Found a sparkling altar of Nemelex Xobeh.
  3379 | D:6      | Found a bloodstained altar of Trog.
  3379 | D:6      | Found a snail-covered altar of Cheibriados.
  3402 | D:6      | Found a blossoming altar of Fedhas.
  3402 | D:6      | Found a hazy altar of Hepliaklqana.
  3449 | D:6      | Reached skill level 9 in Unarmed Combat
  3457 | D:6      | Got a warped rapier
  3734 | D:6      | Reached XP level 8. HP: 49/74 MP: 2/7
  3859 | D:6      | Found Megonkuodd's General Store.
  3919 | D:6      | Found an opulent altar of Gozag.
  3928 | D:6      | Reached skill level 10 in Unarmed Combat
  3986 | D:6      | Found a staircase to the Ecumenical Temple.
  3995 | Temple   | Entered the Ecumenical Temple
  4081 | Temple   | Became a worshipper of Warmaster Okawaru
  4081 | Temple   | Reached * piety under Okawaru
  4081 | Temple   | Reached ** piety under Okawaru
  4367 | D:7      | Noticed Kalaber's ghost (novice MiBe)
  4413 | D:7      | Killed Kalaber's ghost
  4413 | D:7      | Reached *** piety under Okawaru
  4413 | D:7      | Reached skill level 4 in Fighting
  4413 | D:7      | Reached skill level 4 in Dodging
  4536 | D:7      | Noticed a hippogriff
  4548 | D:7      | Killed a hippogriff
  4811 | D:7      | Reached XP level 9. HP: 82/85 MP: 8/8
  5260 | D:8      | Noticed Erica
  5276 | D:8      | HP: 15/87 [Erica/scimitar of flaming (13)]
  5277 | D:8      | Slain by Erica

Skill      XL: |  1  2  3  4  5  6  7  8 |
---------------+-------------------------+-----
Unarmed Combat | 4 5 6 8 9 10 | 10.0
Fighting       | 4 |  4.9
Dodging        | 4 |  4.9
Stealth        | |  1.0

Action                   |  1- 3 |  4- 6 |  7- 9 || total
-------------------------+-------+-------+-------++-------
Melee: Unarmed           |    81 |   131 |   127 ||   339
       Punch             |     1 |     7 |     8 ||    16
Invok: Heroism           |       |       |     2 ||     2
  Use: Scroll            |     1 |     2 |    12 ||    15
 Stab: Sleeping          |     3 |       |     2 ||     5
  Eat: Chunk             |    17 |    16 |    17 ||    50
Armor: Robe              |    14 |    25 |    27 ||    66
Dodge: Dodged            |    40 |    51 |    66 ||   157

Vault maps used:
D:1:      dpeg_arrival_prison
D:2:      minmay_quantized
D:3:      uniq_ijyb, uniq_robin
D:4:      serial_shops, nicolae_shop_temple_entry_statues_fountains,
          cheibriados_altar_1
D:5:      first_ration, serial_shops, nicolae_shop_crystal
D:6:      grunt_temple_overflow_open, temple_green, serial_shops,
          shop_fountains, serial_curves, eino_curves_03, eino_curves_04,
          eino_curves_01, grunt_gozag_statues
D:8:      kennysheep_mini, enter_bailey_3, david_nohive_1, uniq_erica
Temple:   eino_temple_scatter_basement

Table legend:
 A = Turns spent in this place as a percentage of turns spent in the entire game.
 B = Non-inter-level travel turns spent in this place as a percentage of non-inter-level travel turns spent in the entire game.
 C = Inter-level travel turns spent in this place as a percentage of turns spent in this place.
 D = Turns resting spent in this place as a percentage of non-inter-level travel turns spent in this place.
 E = Turns spent auto-exploring this place as a percentage of non-inter-level travel turns spent in this place.
 F = Non-inter-level travel turns spent in this place divided by the number of levels of this place that you've seen.
                   A       B       C       D       E      F
               +-------+-------+-------+-------+-------+----------------------
         Total | 100.0 | 100.0 |   4.8 |   7.3 |  74.2 | 558.2
       Dungeon |  98.1 |  98.3 |   4.6 |   7.4 |  74.0 | 617.1
        Temple |   1.9 |   1.7 |  13.0 |   0.0 |  89.7 |  87.0
               +-------+-------+-------+-------+-------+----------------------

Table legend:
 A = Kills in this place as a percentage of kills in entire the game.
 B = Kills by you in this place as a percentage of kills by you in the entire game.
 C = Kills by friends in this place as a percentage of kills by friends in the entire game.
 D = Other kills in this place as a percentage of other kills in the entire game.
 E = Experience gained in this place as a percentage of experience gained in the entire game.
 F = Experience gained in this place divided by the number of levels of this place that you have seen.
                   A       B       C       D       E      F
               +-------+-------+-------+-------+-------+----------------------
         Total | 100.0 | 100.0 |   N/A |   N/A | 100.0 | 338.3
       Dungeon | 100.0 | 100.0 |   N/A |   N/A | 100.0 | 380.6
               +-------+-------+-------+-------+-------+----------------------
